 Dungeon Crawl Stone Soup version 0.31-a0-859-g9dce7d3444 (webtiles) character file.

Game seed: 16541834945400009751

176 Dirtsage the Ruffian (level 5, 0/73 HPs)
             Began as an Octopode Shapeshifter on Oct 9, 2023.
             Succumbed to a water moccasin's poison
             ... on level 3 of the Dungeon.
             The game lasted 00:03:32 (1612 turns).

Dirtsage the Ruffian (Octopode Shapeshifter)        Turns: 1612, Time: 00:03:33

Health: 0/73       AC: 22    Str: 15    XL:     5   Next: 56%
Magic:  5/5        EV:  2    Int: 12    God:
Gold:   105        SH:  0    Dex: 12    Spells: 4/4 levels left

rFire   . .          .
                       - Unarmed
rCold   . . .        (no shield)
rNeg    . . .        (helmet currently unavailable)
rPois   +            (no amulet)
rElec   .            (no ring)
rCorr   .            (no ring)
SInv    .            (no ring)
Will    .....        (no ring) Stlth
                     (no ring)
HPRegen 0.32/turn    (no ring)
MPRegen 0.09/turn    (no ring)
                     (no ring)

%: no passive effects
@: berserking, lethally poisoned (0 -> -1), tree-form, very quick
A: stationary, stasis, torment immunity, boosted hp, almost no armour,
(amphibious), 8 rings, (camouflage 1), (gelatinous body 1), (nimble swimmer 1),
(tentacles)
a: no special abilities


You were on level 3 of the Dungeon.
You were a tree.
You visited 1 branch of the dungeon, and saw 3 of its levels.

You collected 105 gold pieces.

Inventory:

Talismans
 b - a beast talisman
 c - a flux talisman
Scrolls
 f - a scroll of identify {unknown}
 g - a scroll of enchant armour {unknown}
 h - a scroll of fear {unknown}
 i - a scroll of teleportation {unknown}
 k - a scroll of noise {unknown}
 l - a scroll of blinking {unknown}
 m - a scroll of vulnerability {unknown}
 n - a scroll of poison {unknown}
Potions
 d - a potion of berserk rage
 e - a potion of heal wounds {unknown}
 j - a potion of invisibility {unknown}


   Skills:
 - Level 1.0 Fighting
 - Level 2.0 Dodging
 * Level 5.2 Unarmed Combat
 + Level 4.0 Shapeshifting


You had 4 spell levels left.
You didn't know any spells.
Your spell library contained the following spells:

 Spells                   Type           Power      Damage    Failure   Level
 Hailstorm                Conj/Ice       0%         3d3       69%         3
 Summon Ice Beast         Ice/Summ       0%         N/A       97%         4
 Simulacrum               Ice/Necr       0%         N/A       100%        6


Dungeon Overview and Level Annotations

Branches:
Dungeon (3/15)

Altars:

Shops:
D:1 *


Innate Abilities, Weirdness & Mutations

You are a tree.
Your roots penetrate the ground, keeping you stationary.
You cannot be teleported.
You are immune to unholy pain and torment.
Your maximum health is greatly increased.
You cannot wear most types of armour.
((You are amphibious.))
You can wear up to eight rings at the same time.
((Your skin changes colour to match your surroundings (Stealth+).))
((Your rubbery body absorbs attacks. (AC +1, EV +1)))
((You are camouflaged when in or above water. (Stealth+)))
((You have tentacles for arms and can constrict up to eight enemies at once.))


Message History

The water moccasin bites you but does no damage.
You take 1 damage, and have 13/49 hp.
You hit the water moccasin.
The water moccasin is lightly wounded.
You feel sick.
The water moccasin bites you but does no damage. x2
You take 1 damage, and have 12/49 hp.
The jackal barks!
You hit the water moccasin but do no damage.
The water moccasin is lightly wounded.
You feel sick.
You hear a bark!
The water moccasin bites you but does no damage.
You take 2 damage, and have 10/49 hp.
You smack the water moccasin!
The water moccasin is heavily wounded.
You feel sick.
The water moccasin bites you but does no damage.
You take 1 damage, and have 9/49 hp.
You closely miss the water moccasin.
The water moccasin is heavily wounded.
You feel sick. The water moccasin bites you.
* * * LOW HITPOINT WARNING * * *
You take 3 damage, and have 6/49 hp.
It was a potion of berserk rage.
A red film seems to cover your vision as you go berserk!
You feel yourself moving faster!
You feel mighty!
You feel sick.
The water moccasin bites you but does no damage.
The water moccasin bites you.
* * * LOW HITPOINT WARNING * * *
You now have 7/73 hp.
You completely miss the water moccasin.
The water moccasin is heavily wounded.
The jackal bites you but does no damage.
The water moccasin bites you.
* * * LOW HITPOINT WARNING * * *
You take 6 damage, and have 1/73 hp.
You pummel the water moccasin!!
You kill the water moccasin!
You die...

#.... ## #....
.. ##....# .#
......#.#
#......# #.....#
#.†#$# #..♣.## #
#####..h..## .#
...........#
###.
#.$..##....##$..
#...# ##...#..#
#..# ##..#.# #..
#..<.# .. #..###
#..#


You could see a jackal.

Vanquished Creatures
  A water moccasin (D:3)
  A phantom (D:2)
  4 adders
  2 worms (D:2)
  A dart slug (D:1)
  4 endoplasms (D:1)
  3 giant cockroaches (D:1)
  6 goblins
  4 hobgoblins
  A jackal (D:3)
  7 quokkas
  5 ball pythons
  13 bats
  2 frilled lizards (D:2)
  4 kobolds
  2 rats (D:1)
60 creatures vanquished.

Notes
Turn   | Place    | Note
-------+----------+-------------------------------------------
     0 | D:1      | Dirtsage the Octopode Shapeshifter began the quest for the
                  | Orb.
     0 | D:1      | Reached XP level 1. HP: 13/13 MP: 1/1
    77 | D:1      | Reached XP level 2. HP: 16/18 MP: 2/2
    98 | D:1      | Found Apsexym's General Store.
   194 | D:1      | Reached XP level 3. HP: 17/23 MP: 3/3
   278 | D:1      | Found a faded altar of an unknown god.
   646 | D:1      | Reached skill level 4 in Unarmed Combat
   871 | D:2      | Reached XP level 4. HP: 27/28 MP: 4/4
   957 | D:2      | Noticed a phantom
   975 | D:2      | Killed a phantom
   976 | D:2      | Reached skill level 5 in Unarmed Combat
   976 | D:2      | Reached XP level 5. HP: 15/33 MP: 5/5
  1596 | D:3      | Noticed a water moccasin
  1611 | D:3      | HP: 1/73 [water moccasin (6)]
  1612 | D:3      | Killed a water moccasin
  1612 | D:3      | Succumbed to a water moccasin's poison

Illustrated notes

Levels and vault maps discovered:
D:1:      evilmike_arrival_crescent, layout_basic, ebering_ecumenical_altar_box,
          serial_shops, shop, hangedman_decor_points
D:2:      layout_basic, minmay_fractal_squares_gapless_5
D:3:      layout_rooms, okawaru_trees_1, chequers_serial_rivers_large_b,
          hangedman_decor_growths, minmay_strange_pillars, uniq_robin

Skill      XL: |  1  2  3  4  5 |
---------------+----------------+-----
Unarmed Combat | 4 5 |  5.2
Shapeshifting  | 4 |  4.0
Fighting       | |  1.0
Dodging        | |  2.0

Action                     |  1- 3 |  4- 6 || total
---------------------------+-------+-------++-------
  Melee: Unarmed           |    65 |    52 ||   117
         Constrict         |    17 |    10 ||    27
         Tentacles         |    12 |    11 ||    23
         Punch             |     4 |       ||     4
    Use: Potion            |       |     2 ||     2
   Stab: Sleeping          |     6 |     1 ||     7
 Armour: Skin              |    18 |    35 ||    53
  Dodge: Dodged            |    40 |    32 ||    72

Table legend: (Time is in decaauts)
 A = Elapsed time spent in this place.
 B = Non-inter-level travel time spent in this place.
 C = Inter-level travel time spent in this place.
 D = Time resting spent in this place.
 E = Time spent auto-exploring this place.
 F = Levels seen in this place.
 G = Mean time per level.
                   A        B        C        D        E       F      G
               +--------+--------+--------+--------+--------+-----+--------+
         Total |   1601 |   1548 |     53 |      0 |   1238 |   3 |  533.7 |
       Dungeon |   1601 |   1548 |     53 |      0 |   1238 |   3 |  533.7 |
               +--------+--------+--------+--------+--------+-----+--------+

Top non-repeatable levels by time:
     D:2: 831 daAuts
     D:1: 740 daAuts
     D:3: 28 daAuts
